 Dungeon Crawl Stone Soup version 0.21.1-1-g345015fe64 (webtiles) character file.

2072 RaHiT the Covert (level 9, -4/66 HPs)
             Began as a Vampire Assassin on Mar 23, 2018.
             Was a Follower of Uskayaw.
             Slain by Pikel
             ... wielding a +0 whip of electrocution
              (15 damage)
             ... on level 6 of the Dungeon.
             The game lasted 00:24:27 (4799 turns).

RaHiT the Covert (Vampire Assassin)                 Turns: 4799, Time: 00:24:28

Health: -4/66      AC:  6    Str:  8    XL:     9   Next: 5%
Magic:  9/9        EV: 15    Int: 14    God:    Uskayaw [*.....]
Gold:   183        SH:  0    Dex: 18    Spells: 8/8 levels left

rFire    . . .     SeeInvis +   B - +0 rapier (drain)
rCold    + . .     Gourm    .   (no shield)
rNeg     + + .     Faith    .   c - +0 robe
rPois    +         Spirit   .   (no helmet)
rElec    .         Reflect  .   d - +0 cloak
rCorr    .         Harm     .   (no gloves)
MR       .....                  j - +0 pair of boots
Stlth    +++++.....             m - amulet of regeneration
HPRegen  0.30/turn              (no ring)
MPRegen  0.11/turn              (no ring)

@: regenerating slowly
A: fangs 3, molten scales 1, see invisible, weak 1, unbreathing
a: Bat Form, Stomp, Renounce Religion


You were on level 6 of the Dungeon.
You worshipped Uskayaw.
Uskayaw was noncommittal.
You were thirsty.

You visited 1 branch of the dungeon, and saw 8 of its levels.

You collected 183 gold pieces.

Inventory:

Hand Weapons
 a - a +2 dagger
 b - a +0 blowgun
 e - a +0 short sword of speed
 w - a +0 rapier
 B - a +0 rapier of draining (weapon)
Missiles
 f - 4 curare-tipped needles
 n - 5 poisoned needles
Armour
 c - a +0 robe (worn)
 d - a +0 cloak (worn)
 j - a +0 pair of boots (worn)
 x - a +0 leather armour
Magical Staves
 p - an uncursed staff of cold {unknown}
Jewellery
 m - an amulet of regeneration (around neck)
Scrolls
 h - 5 scrolls of teleportation
 l - a scroll of enchant weapon
 q - 2 scrolls of identify
 t - 3 scrolls of magic mapping
 y - a scroll of enchant armour
 C - a scroll of amnesia
 D - a scroll of fear {unknown}
Potions
 g - 30 potions of blood
 i - a potion of flight
 k - a potion of resistance {unknown}
 r - a potion of agility {unknown}
 s - a potion of brilliance {unknown}
 u - 3 potions of heal wounds {unknown}
 v - a potion of berserk rage {unknown}
 z - a potion of curing
 A - 2 potions of might {unknown}


   Skills:
 + Level 4.4 Fighting
 * Level 7.3 Short Blades
 + Level 4.0 Throwing
 + Level 3.4 Armour
 + Level 4.9 Dodging
 + Level 9.1 Stealth


You had 8 spell levels left.
You didn't know any spells.

Dungeon Overview and Level Annotations

Branches:
Dungeon (8/15)
 Temple: D:4-7         Lair: D:8-11

Altars:
Ashenzari
Cheibriados
Elyvilon
Gozag
Kikubaaqudgha
Okawaru
Qazlal
Sif Muna
Uskayaw
Xom
The Shining One

Annotations:
D:6 Pikel


Innate Abilities, Weirdness & Mutations

You heal slowly.
You have razor-sharp teeth.
You have supernaturally acute eyesight. (SInv)
You can survive without breathing.
You are partially covered in molten scales. (AC +2)
You are weak. (Str -2)


Message History

Pikel misses you.
You hit Pikel but do no damage.
Pikel hits you with a whip of electrocution.
You hit Pikel but do no damage.
Pikel hits you with a whip of electrocution.
You are electrocuted!
* * * LOW HITPOINT WARNING * * *
You hit Pikel but do no damage. You drain Pikel!
Pikel is lightly wounded.
Pikel misses you.
You hit Pikel but do no damage. You drain Pikel!
Pikel is lightly wounded.
Pikel hits you but does no damage.
A slave comes into view.
You barely miss Pikel.
Pikel is lightly wounded.
Pikel hits you with a whip of electrocution!
* * * LOW HITPOINT WARNING * * *
You are electrocuted!
You die...

......... .# #........
..###### #........
.......# #........
.......# #........
.....# #......!. #...#
#........
#...#######).......
#.p.@...รท))).......
#.#K#######)....###
#.#p#######.....# # #
..#(............# #.#
#.. #.#.#######....##
#.###.##.# #.#(...#
##.#.# ... ...#.#
#.#.##.# .#.# ..#
#..#.# ##.#.##.####
.#.#
#####..#.###..........#
.#


You could see Pikel and 2 slaves.

Vanquished Creatures
  The ghost of rzd the Cutter, a novice MfSk of the Shining One (D:5)
  Sigmund (D:6)
  An ice beast (D:5)
  4 ogres
  An orc warrior (D:6)
  A centaur (D:5)
  A big kobold (D:5)
  A bullfrog (D:6)
  3 scorpions
  A wyvern skeleton (D:7)
  A howler monkey (D:5)
  A centaur zombie (D:5)
  A crimson imp (D:5)
  An orc priest (D:6)
  A hound (D:5)
  An iguana (D:5)
  Natasha (D:2)
  3 orc wizards
  A worker ant zombie (D:5)
  13 adders
  A shadow imp (D:5)
  An ooze (D:3)
  2 worms
  A dart slug (D:1)
  3 leopard geckos
  16 orcs
  5 giant cockroaches
  8 goblins
  7 hobgoblins
  13 jackals
  3 quokkas
  3 ball pythons
  8 bats
  2 frilled lizards (D:1)
  14 kobolds
  5 rats
131 creatures vanquished.

Notes
Turn   | Place    | Note
-------+----------+-------------------------------------------
     0 | D:1      | RaHiT the Vampire Assassin began the quest for the Orb.
     0 | D:1      | Reached XP level 1. HP: 16/16 MP: 1/1
   222 | D:1      | Reached XP level 2. HP: 20/22 MP: 2/2
   327 | D:1      | Reached skill level 6 in Stealth
   757 | D:2      | Reached XP level 3. HP: 21/27 MP: 3/3
  1305 | D:2      | Noticed Natasha
  1308 | D:2      | Killed Natasha
  1308 | D:2      | Reached XP level 4. HP: 33/33 MP: 4/4
  1420 | D:3      | Reached skill level 1 in Armour
  1476 | D:3      | Found a white marble altar of Elyvilon.
  1515 | D:3      | Found an opulent altar of Gozag.
  1516 | D:3      | Found an iron altar of Okawaru.
  1516 | D:3      | Found a deep blue altar of Sif Muna.
  1516 | D:3      | Found a stormy altar of Qazlal.
  1517 | D:3      | Found a shimmering altar of Xom.
  1518 | D:3      | Found a hide-covered altar of Uskayaw.
  1532 | D:3      | Became a worshipper of Uskayaw the Reveler
  1631 | D:3      | Reached * piety under Uskayaw
  1645 | D:3      | Found a shattered altar of Ashenzari.
  1919 | D:3      | Reached ** piety under Uskayaw
  1992 | D:3      | Found an ancient bone altar of Kikubaaqudgha.
  2106 | D:4      | Reached XP level 5. HP: 39/39 MP: 5/5
  2359 | D:4      | Noticed an ice beast
  2361 | D:4      | Gained mutation: You are weak. (Str -2) [potion of mutation]
  2361 | D:4      | Gained mutation: You are partially covered in molten scales. (AC +2) [potion of mutation]
  2509 | D:4      | Noticed an ogre
  2547 | D:4      | Reached *** piety under Uskayaw
  2548 | D:4      | Killed an ogre
  2548 | D:4      | Reached XP level 6. HP: 13/46 MP: 6/6
  2661 | D:4      | Reached skill level 7 in Stealth
  2738 | D:4      | Found a snail-covered altar of Cheibriados.
  2781 | D:4      | Reached XP level 7. HP: 52/52 MP: 7/7
  2884 | D:4      | Reached skill level 5 in Short Blades
  3254 | D:5      | Entered Level 5 of the Dungeon
  3292 | D:5      | Found a glowing golden altar of the Shining One.
  4146 | D:5      | Reached **** piety under Uskayaw
  4153 | D:5      | Reached skill level 8 in Stealth
  4153 | D:5      | Reached XP level 8. HP: 23/60 MP: 8/8
  4380 | D:5      | Noticed rzd's ghost (novice MfSk)
  4390 | D:5      | You fall through a shaft for 3 floors!
  4502 | D:6      | Noticed Sigmund
  4513 | D:6      | Killed Sigmund
  4583 | D:5      | Killed rzd's ghost
  4752 | D:6      | Reached skill level 9 in Stealth
  4752 | D:6      | Reached XP level 9. HP: 37/66 MP: 9/9
  4761 | D:6      | Reached ***** piety under Uskayaw
  4789 | D:6      | Noticed Pikel
  4799 | D:6      | Slain by Pikel

Skill      XL: |  1  2  3  4  5  6  7  8  9 |
---------------+----------------------------+-----
Fighting       | 2 3 4 |  4.4
Stealth        | 6 7 8 9 |  9.1
Short Blades   | 3 4 6 7 |  7.3
Throwing       | 2 3 4 |  4.0
Armour         | 1 2 3 |  3.4
Dodging        | 2 3 4 |  4.9

Action                   |  1- 3 |  4- 6 |  7- 9 || total
-------------------------+-------+-------+-------++-------
Melee: Dagger            |   110 |   160 |   256 ||   526
       Bite              |    12 |    17 |    34 ||    63
       Unarmed           |       |     1 |       ||     1
       Rapier            |       |       |    94 ||    94
 Fire: Blowgun           |     8 |    11 |    17 ||    36
Throw: Tomahawk          |       |       |     2 ||     2
Invok: Line Pass         |       |     1 |       ||     1
 Abil: End Transformatio |       |     3 |     2 ||     5
       Bat Form          |       |     3 |     2 ||     5
  Use: Scroll            |       |     4 |     3 ||     7
       Potion            |       |     6 |     8 ||    14
 Stab: Sleeping          |    10 |    15 |     8 ||    33
       Paralysed         |       |     1 |     6 ||     7
       Distracted        |       |       |     2 ||     2
       Invisible         |       |       |     2 ||     2
Armor: Robe              |    28 |    23 |    44 ||    95
       Skin              |       |       |    30 ||    30
Dodge: Dodged            |    74 |    82 |   174 ||   330
